 Dungeon Crawl Stone Soup version 0.19.1-1-g22dce08 (webtiles) character file.

371 M4edhros the Chopper (level 6, -5/56 HPs)
             Began as a Minotaur Berserker on Jan 6, 2017.
             Was a Believer of Trog.
             Shot with an arrow by a centaur (6 damage)
             ... on level 5 of the Dungeon.
             The game lasted 00:01:42 (1629 turns).

M4edhros the Chopper (Minotaur Berserker)           Turns: 1629, Time: 00:01:43

Health: -5/56      AC:  7    Str: 22    XL:     6   Next: 42%
Magic:  5/5        EV: 11    Int:  4    God:    Trog [**....]
Gold:   111        SH:  0    Dex: 11    Spells: 0 memorised, 5 levels left

rFire  . . .     SeeInvis .     a - +0 hand axe
rCold  . . .     Gourm    .     s - +0 scale mail
rNeg   . . .     Faith    .     (no shield)
rPois  .         Spirit   .     (helmet restricted)
rElec  .         Reflect  .     (no cloak)
rCorr  .         Harm     .     (no gloves)
MR     .....                    (no boots)
Stlth  ..........               (no amulet)
                                (no ring)
                                (no ring)

@: lethally poisoned (-5 -> -23), exhausted, slowed, very slow
A: retaliatory headbutt, horns 2
a: Berserk, Trog's Hand, Burn Spellbooks, Renounce Religion


You were on level 5 of the Dungeon.
You worshipped Trog.
Trog was pleased with you.
You were very hungry.

You visited 1 branch of the dungeon, and saw 5 of its levels.

You collected 111 gold pieces.

Inventory:

Hand Weapons
 a - a +0 hand axe (weapon)
 r - a +0 war axe
Armour
 b - a +0 animal skin
 s - a +0 scale mail (worn)
Jewellery
 l - a cursed ring of loudness {unknown}
Wands
 k - a wand of enslavement (15/24)
Scrolls
 e - 2 scrolls of fear {unknown}
 n - 2 scrolls of identify {unknown}
 o - 2 scrolls of teleportation {unknown}
 u - a scroll of remove curse {unknown}
Potions
 d - a potion of heal wounds {unknown}
 f - 2 potions of cure mutation {unknown}
 g - a potion of ambrosia {unknown}
 h - a potion of agility
 i - a potion of might {unknown}
 j - a potion of lignification {unknown}
 p - a potion of flight {unknown}
 t - 2 potions of haste
Comestibles
 c - 6 bread rations
 m - a beef jerky


   Skills:
 + Level 5.1 Fighting
 * Level 6.0 Axes
 + Level 4.3 Armour
 + Level 3.8 Dodging


You had 5 spell levels left.
You didn't know any spells.

Dungeon Overview and Level Annotations

Branches:
Dungeon (5/15)
 Temple: D:4-7

Altars:
Hepliaklqana
Kikubaaqudgha
Qazlal
Ru
Sif Muna
Xom
The Shining One

Annotations:
D:5 Blork the orc


Innate Abilities, Weirdness & Mutations

You reflexively headbutt those who attack you in melee.
You have a pair of horns on your head.


Message History

Something shocks you.
* * * LOW HITPOINT WARNING * * *
You barely miss something. Your headbutt misses something.
* * * LOW HITPOINT WARNING * * *
You feel sick.
The centaur shoots an arrow.
The arrow hits you but does no damage.
You are too injured to fight recklessly!
Unknown command.
You completely miss something. You headbutt something!
You are no longer berserk.
You are exhausted.
You feel yourself slow down.
* * * LOW HITPOINT WARNING * * *
You feel sick. Something hits you.
* * * LOW HITPOINT WARNING * * *
Something shocks you.
* * * LOW HITPOINT WARNING * * *
Blork the orc points at you and mumbles some strange words.
The magic dart hits you!
The centaur shoots an arrow.
The arrow hits you.
You die...

... . ..###.. .....
....#.. ..o.#c #.......
...... ..#....#
......##.....#
............# #.......#
#@..# #{)#.# ##
#.###..##### ##.
.............#### ###..
................####....
.########...............
##..............
#..............
#..............


You could see Blork the orc and a centaur.

Vanquished Creatures
  Duvessa (D:5)
  Dowan (D:5)
  A hound (D:4)
  An orc priest (D:3)
  Ijyb (D:2)
  An orc wizard (D:4)
  A worker ant (D:5)
  2 adders (D:2)
  2 oozes (D:3)
  2 worms
  A dart slug (D:3)
  A leopard gecko (D:3)
  9 orcs
  5 bats
  3 giant cockroaches
  2 goblins
  2 hobgoblins (D:1)
  A ball python (D:1)
  3 frilled lizards
  6 kobolds
  4 rats
50 creatures vanquished.

Notes
Turn   | Place    | Note
-------+----------+-------------------------------------------
     0 | D:1      | M4edhros the Minotaur Berserker began the quest for the Orb.
     0 | D:1      | Reached XP level 1. HP: 19/19 MP: 0/0
   372 | D:1      | Reached XP level 2. HP: 24/27 MP: 1/1
   584 | D:1      | Reached skill level 4 in Axes
   597 | D:2      | Noticed Ijyb
   613 | D:2      | Killed Ijyb
   613 | D:2      | Reached XP level 3. HP: 21/33 MP: 2/2
   664 | D:2      | Found a faded altar of an unknown god.
   730 | D:2      | Reached ** piety under Trog
  1000 | D:3      | Reached XP level 4. HP: 40/40 MP: 3/3
  1084 | D:3      | Found a glowing golden altar of the Shining One.
  1230 | D:3      | Found a stormy altar of Qazlal.
  1230 | D:3      | Found an ancient bone altar of Kikubaaqudgha.
  1230 | D:3      | Found a hazy altar of Hepliaklqana.
  1235 | D:3      | Found a deep blue altar of Sif Muna.
  1235 | D:3      | Found a shimmering altar of Xom.
  1236 | D:3      | Found a sacrificial altar of Ru.
  1438 | D:4      | Reached skill level 5 in Axes
  1438 | D:4      | Reached XP level 5. HP: 35/47 MP: 4/4
  1560 | D:5      | Entered Level 5 of the Dungeon
  1613 | D:5      | Noticed Duvessa
  1613 | D:5      | Noticed a sky beast
  1616 | D:5      | Noticed Dowan
  1619 | D:5      | Noticed a centaur
  1624 | D:5      | Killed Duvessa
  1624 | D:5      | Reached skill level 5 in Fighting
  1624 | D:5      | Reached XP level 6. HP: 45/56 MP: 5/5
  1624 | D:5      | Killed Dowan
  1624 | D:5      | Reached skill level 6 in Axes
  1626 | D:5      | Noticed Blork the orc
  1629 | D:5      | HP: 1/56 [something (6)]
  1629 | D:5      | Shot with an arrow by a centaur

Skill      XL: |  1  2  3  4  5  6 |
---------------+-------------------+-----
Axes           | 4 5 6 |  6.0
Fighting       | 4 5 |  5.1
Armour         | 3 4 |  4.3
Dodging        | 3 |  3.8

Action                   |  1- 3 |  4- 6 || total
-------------------------+-------+-------++-------
Melee: Hand axe          |    77 |    61 ||   138
       Headbutt          |    11 |    10 ||    21
Invok: Berserk           |       |     2 ||     2
  Eat: Chunk             |       |     3 ||     3
Armor: Animal skin       |    22 |     4 ||    26
       Scale mail        |       |    13 ||    13
Dodge: Dodged            |    61 |    33 ||    94
